[Event "Championnat d'Europe de Blitz"]
[Date "2024.12.09"]
[White "Vuckovic, Zarko"]
[Black "Sargissian, Gabriel"]
[WhiteElo "2334"]
[BlackElo "2628"]
[Round "6.28"]
[Result "0-1"]
[TimeControl "180+2"]

1. e4 e5 2. Nf3 Nc6 3. Bc4 Nf6 4. d3 Be7 5. O-O O-O 6. Re1 d6 7. a4 h6 8.
a5 a6 9. c3 Be6 10. Nbd2 Bxc4 11. Nxc4 Re8 12. Qb3 Rb8 13. Ne3 Bf8 14. c4 Nd7 15. Nd5 Nc5 16. Qc3 Ne6 17. Be3 g6 18. b4 Bg7 19. b5 Ncd4 20. Bxd4 exd4 21. Qd2 c6 22. Nb6 Nc5 23. Reb1 Qe7 24. g3 Qe6 25. Kg2 g5 26. Na4 Nd7 27. bxc6 bxc6 28. Rb4 Rxb4 29. Qxb4 Rb8 30. Qe1 Rb3 31.
Qd1 Rb8 32.
Rb1 Qe8 33. Qc2 Qc8 34. Rb3 Qc7 35. Rxb8+ Qxb8 36. c5 dxc5 37. Nxc5 Nxc5 38. Qxc5 Qb5 39. Qd6 Qxd3 40. Qxc6 Qe2 41.
Qc8+ Bf8 42. Qf5 Bg7 43. Qc8+ Bf8 44. Qf5 Qc4 45. Ne5 Qe6 46. Qxe6 fxe6 47. Nd3 g4 48. f4 Bd6 49. e5 Bc7 50. Nc5 Bxa5 51. Nxa6 d3 52. Kf1 Bb6 53. Nb4 d2 54.
Ke2 Bg1 55. Kxd2 Bxh2 56. Ke3 Bxg3 57. Nd3 Kf7 58. Ke4 h5 59. f5 h4 60. fxe6+ Ke7 61. Nc1 h3 62. Ne2 Bf2 0-1

[Site "Europe Echecs"]

[Event "Championnat d'Europe de Blitz"]
[Date "2024.12.09"]
[White "Popovic, Milos T"]
[Black "Van Foreest, Lucas"]
[WhiteElo "2334"]
[BlackElo "2520"]
[Round "6.29"]
[Result "1/2-1/2"]
[TimeControl "180+2"]

1. d4 d5 2.
Bf4 e6 3. e3 c5 4. c3 Nc6 5. Nd2 Bd6 6. Bg3 Nge7 7. Bd3 O-O 8. Ngf3 h6 9. O-O cxd4 10. exd4 Bxg3 11. hxg3 Qd6 12. Re1 Bd7 13. a3 Rac8 14. Rc1 a6 15. Bb1 g6 16. Ne5 Nxe5 17. dxe5 Qb6 18.
Qb3 Qa7 19.
Nf3 Kg7 20.
Qd1 Qc5 21.
Qd2 Bb5 22.
Qf4 Ng8 23.
Nd4 Bd7 24.
g4 Qe7 25. Re3 Qg5 26. Qg3 Qe7 27. Qf4 Qg5 28. Qg3 Qe7 1/2-1/2

[Site "Europe Echecs"]

[Event "Championnat d'Europe de Blitz"]
[Date "2024.12.09"]
[White "Fridman, Daniel"]
[Black "Bulmaga, Irina"]
[WhiteElo "2571"]
[BlackElo "2386"]
[Round "6.30"]
[Result "1/2-1/2"]
[TimeControl "180+2"]

1. d4 Nf6 2. Nf3 e6 3. c4 d5 4. g3 Be7 5. Bg2 O-O 6. Nc3 dxc4 7. Ne5 c5 8. dxc5 Qxd1+ 9. Nxd1 Bxc5 10. Nxc4 Nc6 11. Nc3 Bd7 12. O-O Rac8 13. Bf4 Rfd8 14. Bd6 Bxd6 15. Nxd6 Rb8 16. Rfd1 b6 17. Ncb5 Ne8 18. Nb7 Rxb7 19. Bxc6 Bxc6 20.
Rxd8 Bxb5 21. a4 Bc6 22. b3 Kf8 23. Rc1 Bd7 24. Ra8 Ke7 25. h4 h5 26. e4 e5 27. f4 exf4 28. gxf4 g6 29. Kf2 Nc7 30. Rh8 Ne6 31. Ke3 a5 32. f5 gxf5 33. exf5 Ng7 34. Kf4 Bxf5 35. Rg8 Kf6 36. Rxg7 Kxg7 37. Kxf5 b5 38. Rc5 bxa4 39. bxa4 Rb4 40. Rxa5 Rxh4 41. Kg5 Rh1 42. Ra7 h4 43. Kg4 Kg6 44. Ra6+ f6 45.
a5 h3 46. Rb6 h2 47. Kh3 Ra1 48. Kxh2 Rxa5 1/2-1/2

[Site "Europe Echecs"]

[Event "Championnat d'Europe de Blitz"]
[Date "2024.12.09"]
[White "Narva, Mai"]
[Black "Mastrovasilis, Dimitrios"]
[WhiteElo "2413"]
[BlackElo "2537"]
[Round "6.31"]
[Result "1-0"]
[TimeControl "180+2"]

1. e4 d5 2.
exd5 Qxd5 3.
Nc3 Qd6 4.
d4 Nf6 5.
Nf3 g6 6. g3 Bg7 7. Bg2 O-O 8. O-O c6 9. Re1 Bg4 10. Bf4 Qd8 11. h3 Bxf3 12.
Qxf3 e6 13.
Rad1 Nbd7 14. Ne2 a5 15. a4 Qb6 16. b3 Rfe8 17. c4 e5 18. c5 Qa7 19. dxe5 Nxe5 20. Qc3 Nd5 21. Bxd5 cxd5 22. Rxd5 Nc6 23. Qc4 Nb4 24. Rdd1 Rac8 25. Bd6 b6 26. cxb6 Qxb6 27. Qb5 Qxb5 28. axb5 Nc2 29. b6 Nxe1 30. Rxe1 Rc6 31. Bc7 Bc3 32. Rc1 Rxe2 33. b7 Kg7 34. b8=Q Rf6 35. Rxc3 Rfxf2 36. Be5+ Kh6 37. Bf4+ Kh5 38. Rc5+ f5 39. g4+ Kh4 40. Bg3+ Kxh3 41. Bxf2 Rxf2 42. Kxf2 1-0

[Site "Europe Echecs"]

[Event "Championnat d'Europe de Blitz"]
[Date "2024.12.09"]
[White "Stanojoski, Zvonko"]
[Black "Kozul, Zdenko"]
[WhiteElo "2401"]
[BlackElo "2519"]
[Round "6.32"]
[Result "1-0"]
[TimeControl "180+2"]

1. e4 c5 2.
Nf3 d6 3. d4 cxd4 4. Nxd4 Nf6 5. Nc3 Nc6 6. Bg5 e6 7. Qd2 a6 8. O-O-O Bd7 9. f4 b5 10. Bxf6 gxf6 11. Nxc6 Bxc6 12. Bd3 Qb6 13. Qe1 O-O-O 14. Kb1 b4 15. Ne2 d5 16. Ng3 dxe4 17. Bxe4 Rxd1+ 18. Qxd1 f5 19. Bf3 Bg7 20. Nh5 Rd8 21. Qe2 Bb5 22. Qe1 Bf8 23. Qe5 Qd4 24. Qxd4 Rxd4 25. Rd1 Rxd1+ 26. Bxd1 a5 27. Bf3 Kc7 28. b3 Bc5 29. Nf6 h6 30. Ng8 Bf8 31. Nf6 Kd8 32. Kc1 Bg7 33. Nh5 Bc3 34. Ng3 Bd4 35. Kd2 Bg1 36. h3 Bh2 37. Nh5 Bg1 38. Ng3 Ke7 39. Ne2 Bc5 40. c4 Bd7 41. Nc1 Bd6 42. Nd3 f6 43. c5 Bc7 44. Ke3 e5 45. Bd5 e4 46. Nc1 Be6 47. Bxe6 Kxe6 48. Ne2 Kd5 49. Ng3 Ke6 50. Ne2 h5 51. Kd4 h4 52. Kc4 Bd8 53. Nd4+ Kd7 54. Nxf5 Kc6 55. Nxh4 Be7 56. Kd4 1-0

[Site "Europe Echecs"]

[Event "Championnat d'Europe de Blitz"]
[Date "2024.12.09"]
[White "Motylev, Alexander"]
[Black "Reprintsev, Alexander"]
[WhiteElo "2596"]
[BlackElo "2230"]
[Round "6.33"]
[Result "0-1"]
[TimeControl "180+2"]

1. e4 d5 2.
exd5 Qxd5 3. Nc3 Qa5 4. d4 Nf6 5. Nf3 Nc6 6. Bd2 a6 7. h3 Bf5 8. Bc4 Qb6 9. Qe2 Nxd4 10. Nxd4 Qxd4 11. O-O-O e6 12. g4 Bg6 13. Be3 Qe5 14. f4 Qa5 15. f5 Bd6 16. Kb1 O-O-O 17. fxg6 hxg6 18. g5 Nd7 19. Ne4 Be5 20. Bb3 Rh4 21. Bf2 Rh5 22. h4 Rhh8 23. Rd3 Nb6 24. Nc5 Bd6 25. Ne4 Be5 26. Rhd1 Rxd3 27. Qxd3 Qb4 28. Bc5 Qa5 29. Bxb6 Qxb6 30. Qd7+ Kb8 31. Qxf7 Rxh4 32. Nc3 Bxc3 33. bxc3 e5 34. Qxg7 e4 35. Rd8+ Ka7 36. Qd4 c5 37. Qe5 Qxd8 38. Qxc5+ Qb6 39. Qe5 e3 40. Kb2 a5 41. Qf6 a4 42. Qxb6+ Kxb6 0-1

[Site "Europe Echecs"]

[Event "Championnat d'Europe de Blitz"]
[Date "2024.12.09"]
[White "Beerdsen, Thomas"]
[Black "Danov, Lyubomir"]
[WhiteElo "2502"]
[BlackElo "2297"]
[Round "6.34"]
[Result "1-0"]
[TimeControl "180+2"]

1. e4 e6 2. d4 d5 3. Nc3 h6 4. Nf3 Nf6 5. Bd3 Bb4 6. exd5 exd5 7. O-O O-O 8. Ne5 Nbd7 9. Qf3 c6 10. Re1 Re8 11. Bf4 Bf8 12. h3 Nxe5 13. Bxe5 Nd7 14. Bg3 Rxe1+ 15. Rxe1 Nf6 16. Bh4 Be7 17. Qe3 Be6 18. Ne2 Nd7 19. Bxe7 Qxe7 20. Nf4 Nf8 21. Qe5 Re8 22. c3 Qd8 23. Nh5 Qg5 24. f4 Qxe5 25. dxe5 Bc8 26. Kf2 Ne6 27. b4 Bd7 28. f5 Nf8 29. g4 c5 30. Nf4 cxb4 31. cxb4 d4 32. Bc4 Rc8 33. Bb3 Bc6 34. e6 fxe6 35. fxe6 Kh8 36. e7 g5 37. Nh5 Ng6 38. Nf6 Be8 39. Nxe8 Rxe8 40. Bf7 1-0

[Site "Europe Echecs"]

[Event "Championnat d'Europe de Blitz"]
[Date "2024.12.09"]
[White "Subelj, Jan"]
[Black "Gaponenko, Inna"]
[WhiteElo "2526"]
[BlackElo "2343"]
[Round "6.35"]
[Result "1-0"]
[TimeControl "180+2"]

1. Nf3 c5 2. e4 g6 3. c3 Nf6 4. e5 Nd5 5. Bc4 Nb6 6. Bb3 Bg7 7. O-O O-O 8. d4 cxd4 9. cxd4 d6 10. exd6 Qxd6 11. Nc3 Nc6 12. Nb5 Qd8 13.
Bf4 Bg4 14.
h3 Bxf3 15.
Qxf3 Nxd4 16. Nxd4 Qxd4 17. Rad1 Qxb2 18.
Qxb7 e6 19.
Rd2 Qc3 20.
Rfd1 Qc8 21.
Qe4 Qa6 22.
h4 h5 23.
Bg5 Rac8 24.
Rd6 Qa3 25.
Bxe6 Rc7 26.
Bb3 Qc5 27.
Rxg6 Nc4 28.
Rd5 Qb4 29.
Rxg7+ Kxg7 30. Bh6+ Kxh6 31. Qf4+ 1-0

[Site "Europe Echecs"]

[Event "Championnat d'Europe de Blitz"]
[Date "2024.12.09"]
[White "Trapp, Maximilian"]
[Black "Kuzubov, Yuriy"]
[WhiteElo "2050"]
[BlackElo "2595"]
[Round "6.36"]
[Result "0-1"]
[TimeControl "180+2"]

1. d4 Nf6 2. Nf3 e6 3. Bf4 d5 4. e3 c5 5. c3 Nc6 6. Be2 Nh5 7. Bg3 Qb6 8. Qb3 Nxg3 9. hxg3 g6 10. Nbd2 Bd7 11. O-O Qxb3 12. Nxb3 cxd4 13. exd4 b6 14. Rfe1 Bd6 15. Nc1 O-O 16. Nd3 Rfc8 17. Bf1 f6 18. Nf4 Kf7 19. Ba6 Rc7 20. Re2 g5 21. Nd3 Nb8 22. Nde5+ fxe5 23. dxe5 Be7 24. Bd3 Kg7 25. g4 Nc6 26. g3 Rf8 27. Kg2 Be8 28. Bb5 Nd8 29. Bd3 h6 30. Rf1 Bc5 31. Nd2 Rcf7 32. f3 a5 33. Rh1 Nc6 34. Bb5 d4 35. Ne4 dxc3 36. Nf6 Rxf6 37. exf6+ Rxf6 38. bxc3 Kf8 39. Rhe1 Ke7 40. a4 Nd8 41. c4 Bxb5 42. cxb5 Nf7 43.
Rd1 Nd6 44.
Rc1 Rf8 45.
Rcc2 Rd8 46.
Red2 e5 47.
Rd5 Ke6 48.
Rcd2 Rf8 49. Re2 Kxd5 50. Rd2+ Bd4 0-1

[Site "Europe Echecs"]

[Event "Championnat d'Europe de Blitz"]
[Date "2024.12.09"]
[White "Kalezic, Blazo"]
[Black "Siekanska, Maria"]
[WhiteElo "2382"]
[BlackElo "2080"]
[Round "6.37"]
[Result "1-0"]
[TimeControl "180+2"]

1. e4 c5 2.
Nf3 d6 3. d4 cxd4 4. Nxd4 Nf6 5. Nc3 a6 6. g3 e6 7. Bg2 Be7 8. O-O O-O 9. Nb3 Nc6 10. f4 Qc7 11. g4 b5 12. g5 Nd7 13. a3 Qb6+ 14. Kh1 a5 15. Rf3 a4 16. Be3 Qb7 17. Nd4 Nxd4 18. Bxd4 e5 19. Nd5 Re8 20. fxe5 Nxe5 21. Rg3 Ng6 22. e5 Qb8 23. Bc3 Bb7 24. Nxe7+ Rxe7 25. exd6 Rd7 26. Qd4 Bxg2+ 27. Rxg2 Qf8 28. Bb4 Re8 29. Rf1 Re6 30. Qd5 Re5 31. Qc6 Qe8 32. Rgf2 Rxg5 33. Rxf7 Ne5 34. Rf8+ Qxf8 35. Rxf8+ Kxf8 36. Qxb5 Kf7 37. Qd5+ Ke8 38. Qg8# 1-0

[Site "Europe Echecs"]

[Event "Championnat d'Europe de Blitz"]
[Date "2024.12.09"]
[White "Samunenkov, Ihor"]
[Black "Iskos, Alexandros"]
[WhiteElo "2543"]
[BlackElo "2132"]
[Round "6.38"]
[Result "1-0"]
[TimeControl "180+2"]

1. d4 Nf6 2. Nf3 d5 3. c4 e6 4. g3 Bb4+ 5. Bd2 a5 6. Qc2 O-O 7. Bg2 c5 8. cxd5 cxd4 9. a3 Bxd2+ 10. Qxd2 Qxd5 11. Qxd4 Nc6 12. Qxd5 Nxd5 13. Nbd2 a4 14. Rc1 Nb6 15. O-O e5 16. Ne4 f6 17. Nd6 Rd8 18. Rfd1 Nd4 19. Nxd4 Rxd6 20. Nb5 Rxd1+ 21. Rxd1 Bd7 22. Bxb7 Rb8 23. Nd6 Be6 24. Rc1 Rd8 25. Rc6 Nd5 26. Bc8 Bxc8 27. Nxc8 Kf7 28. Nd6+ Kg6 29. e4 Ne7 30.
Ra6 Rb8 31. Rxa4 Rxb2 32. Rc4 Ra2 33. a4 f5 34. Rc7 Kf6 35. exf5 Nxf5 36. Nxf5 Kxf5 37. Rxg7 Rxa4 38. Rxh7 e4 39. Rf7+ Kg5 40. Kg2 Ra2 41. Re7 Ra4 42. h4+ Kf6 43.
Re8 Kf7 44. Re5 Kf6 45. Rb5 Ra2 46. Rb3 Ke5 47. Re3 Kf5 48. Re1 Rb2 49. Kg1 Ra2 50. Kf1 Rb2 51. Re2 Rb1+ 52. Kg2 Rb3 53. Ra2 Rb4 54. Ra5+ Kg6 55. g4 e3 56. Rg5+ Kf6 57. fxe3 Rb3 58. Kf3 Rb1 59.
Rf5+ Kg6 60. h5+ Kg7 61. e4 Rf1+ 62. Kg3 Rg1+ 63. Kh4 Re1 64. e5 Re2 65. Kg5 Ra2 66.
h6+ Kh7 67.
Rf7+ Kg8 68. Kg6 Ra6+ 69. Rf6 Ra5 70. h7+ 1-0

[Site "Europe Echecs"]

[Event "Championnat d'Europe de Blitz"]
[Date "2024.12.09"]
[White "Schneider, Ilja"]
[Black "Qorri, Fatmir"]
[WhiteElo "2414"]
[BlackElo "1995"]
[Round "6.39"]
[Result "1-0"]
[TimeControl "180+2"]

1. e4 e6 2.
d4 d5 3. Bd3 dxe4 4. Bxe4 Nf6 5. Bf3 Be7 6. Ne2 O-O 7. O-O c6 8. c4 Na6 9. Nbc3 Nc7 10. Re1 Rb8 11. Qa4 a6 12. Qc2 b5 13. b3 Bb7 14. Bf4 Rc8 15. Rad1 Qe8 16. h3 Ba8 17. Qb2 h6 18. Ng3 b4 19. Na4 a5 20. Nb6 Na6 21. Nxc8 Qxc8 22. Be5 Nb8 23. Bxb8 Qxb8 24. d5 Bc5 25. Ne4 Nxe4 26. Bxe4 cxd5 27. cxd5 e5 28. d6 Bxe4 29. Qxe5 Bc2 30. Qxc5 Bxd1 31. Rxd1 Qd8 32. d7 Kh7 33. Qxf8 Qxf8 34. d8=Q 1-0

[Site "Europe Echecs"]

[Event "Championnat d'Europe de Blitz"]
[Date "2024.12.09"]
[White "Kesidis, Odyseas"]
[Black "Papasimakopoulos, Alexandros"]
[WhiteElo "2241"]
[BlackElo "2379"]
[Round "6.40"]
[Result "0-1"]
[TimeControl "180+2"]

1. e4 e6 2. d4 d5 3. e5 a6 4. Nf3 Bd7 5. c3 Ne7 6.
Nbd2 Bb5 7.
Bxb5+ axb5 8. O-O Nf5 9. Nb3 b4 10. Bg5 Qd7 11. g4 Nh6 12. h3 bxc3 13. bxc3 Ng8 14. Be3 h5 15. Kg2 Qa4 16. Qd2 Nc6 17. Rfb1 b6 18. Nc1 Na5 19. Nd3 Nc4 20. Qe2 Nh6 21. Bxh6 Rxh6 22. Nf4 hxg4 23.
hxg4 Qa6 24.
Kg3 Na3 25.
Qxa6 Rxa6 26. Rh1 Rxh1 27. Rxh1 Nb5 28. Rh8 Nxc3 29. Nh5 Ke7 30. Ng5 Ne4+ 31. Nxe4 dxe4 32. Rh7 Rxa2 33. Nxg7 Bxg7 34.
Rxg7 Rd2 35. g5 Kf8 36. Rh7 Rxd4 37. g6 Rd3+ 38. Kg4 Rf3 39. Rh8+ Kg7 40. Rc8 Kxg6 41. Rxc7 Rxf2 42. Rb7 Rf5 43. Rxb6 Rxe5 44. Kf4 Ra5 45. Kxe4 Kf6 46. Kf4 Ra4+ 47. Ke3 Kf5 48. Rb7 Ra3+ 49. Kd4 e5+ 50. Kd5 Rd3+ 51. Kc4 Rd4+ 52.
Kc5 f6 53. Rb1 Rd2 54. Rf1 Ke6 55. Kc4 f5 56. Kc3 Rd8 57. Rh1 e4 58. Rh6+ Ke5 59. Rh7 e3 60. Re7+ Kf4 61. Kc2 0-1

[Site "Europe Echecs"]

[Event "Championnat d'Europe de Blitz"]
[Date "2024.12.09"]
[White "Baskin, Robert"]
[Black "Minas, Ioannis"]
[WhiteElo "2442"]
[BlackElo "1987"]
[Round "6.41"]
[Result "1-0"]
[TimeControl "180+2"]

1. c4 e5 2.
g3 Nf6 3.
Bg2 c6 4.
Nf3 e4 5.
Nd4 d5 6. cxd5 cxd5 7. O-O Bc5 8. Nb3 Bb6 9. d3 Nc6 10. Nc3 O-O 11. dxe4 d4 12. Nd5 Nxd5 13. exd5 Ne7 14. Nxd4 Nxd5 15. Qb3 Bxd4 16. Bxd5 Qf6 17. Bf4 Bxb2 18. Rab1 Be5 19. Bxe5 Qxe5 20. Bxb7 Bxb7 21.
Qxb7 Qxe2 22. Rb2 Qe6 23. Rc1 h5 24. h4 Rab8 25. Qxb8 Rxb8 26. Rxb8+ Kh7 27. Rb2 Qf5 28. Rc4 Qf3 29. Rf4 Qd1+ 30. Kh2 f6 31. Rb7 Kg6 32. Rxa7 Qd5 33. a4 Qc5 34. Rd7 Qc6 35. Rdd4 Qa6 36. Rd5 Qe2 37. a5 Qa2 38. Rc5 Qa3 39. Rff5 Qa2 40. Kg2 Qe6 41. Rxh5 Qe4+ 42. Kg1 Qf3 43. Rhf5 Qd1+ 44. Kg2 Qd7 45. a6 Qa4 46. Ra5 Qe4+ 47. Kg1 Qe1+ 48. Kh2 Qe8 49. a7 Qa8 50. Rfb5 Kh6 51. Kg1 g6 52. Rb8 1-0

[Site "Europe Echecs"]

[Event "Championnat d'Europe de Blitz"]
[Date "2024.12.09"]
[White "Nakonechnyi, Oleksii"]
[Black "Safarli, Eltaj"]
[WhiteElo "2052"]
[BlackElo "2610"]
[Round "6.42"]
[Result "1/2-1/2"]
[TimeControl "180+2"]

1. Nf3 Nf6 2. g3 g6 3. Bg2 Bg7 4. O-O O-O 5. d4 d5 6. c4 c6 7. cxd5 cxd5 8. Nc3 Nc6 9. Bf4 Bf5 10. a3 Rc8 11. Rc1 Ne4 12. h3 Nxc3 13. Rxc3 Be4 14. Be3 e6 15. Qd2 Qb6 16. Rd1 Na5 17. Rxc8 Rxc8 18. Rc1 Rxc1+ 19. Qxc1 Nc4 20. b4 Bxf3 21. Bxf3 Bxd4 22. Bxd4 Qxd4 23. h4 Qd2 24. Qa1 Qb2 25. Qd1 Nxa3 26. Kg2 Qxb4 27. h5 Kg7 28. Qc1 Nc4 29. h6+ Kf8 30. Qf4 Qd2 31. Qb8+ Ke7 32. Qxb7+ Kf6 33. Qxa7 Qxh6 34. Qd4+ Ne5 35. e4 dxe4 36. Bxe4 g5 37. Bc2 g4 38. Qe4 Ng6 39. Qxg4 Qg5 40. Qxg5+ Kxg5 41. Be4 h6 42. f3 Ne7 43. Kf2 Nd5 44. f4+ Kf6 45. Kf3 Nc3 46. Bd3 Na4 47. Kg4 Nc5 48. Bc2 Kg7 49. Kf3 Nd7 50. g4 Kf6 51. Bd3 Nb6 52. Be4 Nc4 53. Bd3 Nd6 54. Ke3 Ke7 55. Kd4 Ne8 56. Ke5 Nf6 57. g5 hxg5 58. fxg5 Nd7+ 59. Kf4 Nf8 60. Be4 Kd6 61. Bc2 Ng6+ 62. Ke4 Ne7 63. Bd3 Nd5 64. Bc4 Nb6 65. Bb3 Nd7 66. Kf4 Ke7 67. Bc2 Nb6 68. Be4 Nc4 69. Bd3 Nd6 70. Ke5 Ne8 71. Be4 Nc7 72.
Bd3 Na8 73.
Be4 Nb6 74. Bd3 Nd7+ 75. Kd4 Kd6 76. g6 f5 77. g7 Nf6 78. Bc4 Ke7 79. Ke5 Ng4+ 80. Kf4 Nf6 81. Ke5 Nd7+ 82. Kf4 Nf6 83. Ke5 Ng4+ 84.
Kf4 Nh6 85. Ke5 Ng4+ 86. Kf4 Nf6 87. Ke5 Nd7+ 88. Kf4 Nf6 89. Ke5 Nd7+ 1/2-1/2

[Site "Europe Echecs"]

[Event "Championnat d'Europe de Blitz"]
[Date "2024.12.09"]
[White "Avramidou, Anastasia"]
[Black "Kadric, Denis"]
[WhiteElo "2298"]
[BlackElo "2544"]
[Round "6.43"]
[Result "0-1"]
[TimeControl "180+2"]

1. d4 d6 2.
e4 Nf6 3.
Nc3 Nbd7 4. Be3 e5 5. f3 c6 6. Qd2 h5 7. Nh3 b5 8. Nf2 Bb7 9. O-O-O Be7 10. g3 Qc7 11. Bg2 Nb6 12. Bg5 Nc4 13. Qe2 Qa5 14. f4 Ba6 15. fxe5 dxe5 16. dxe5 b4 17. exf6 Qxg5+ 18.
Kb1 bxc3 19.
Nd3 Nxb2 20.
e5 O-O 21.
fxe7 Rfb8 22. Ka1 Nxd1 23. Rxd1 Qxe7 24. Bxc6 Bb7 25.
Ba4 Qa3 26.
Bb3 Ba6 27.
Qf2 Rb7 28.
Rb1 Rab8 29. e6 Bxd3 30. exf7+ Kf8 31. cxd3 Rxb3 32. Rxb3 Qc1+ 0-1

[Site "Europe Echecs"]

[Event "Championnat d'Europe de Blitz"]
[Date "2024.12.09"]
[White "Aymerich Verdaguer, Eduard"]
[Black "Saric, Ante"]
[WhiteElo "2163"]
[BlackElo "2482"]
[Round "6.44"]
[Result "0-1"]
[TimeControl "180+2"]

1. d4 Nf6 2.
c4 e6 3. Nc3 Bb4 4. e3 O-O 5. Bd3 c5 6. Nge2 d5 7. O-O cxd4 8. exd4 dxc4 9. Bxc4 Nc6 10. Bg5 h6 11. Bh4 Be7 12. Rc1 b6 13. Re1 Bb7 14. Bg3 Rc8 15. a3 Nxd4 16. Qxd4 Qxd4 17. Nxd4 Rxc4 18. Nf5 Bc5 19. b3 Rxc3 20. Nxh6+ gxh6 21. Rxc3 a5 22. Be5 Ng4 23. Bg3 Bxa3 24. Rc7 Bd5 25. h3 Nf6 26. Be5 Ne4 27. f3 Bc5+ 28. Kh2 Ng5 29. h4 Nh7 30. Rd1 f6 31. Bf4 Rf7 32. Rxf7 Kxf7 33. Bxh6 Bxb3 34. Rd7+ Kg6 35. Bd2 Nf8 36. Rc7 0-1

[Site "Europe Echecs"]

[Event "Championnat d'Europe de Blitz"]
[Date "2024.12.09"]
[White "Ochedzan, Tymon"]
[Black "Georgiev, Kiril"]
[WhiteElo "2247"]
[BlackElo "2537"]
[Round "6.45"]
[Result "1/2-1/2"]
[TimeControl "180+2"]

1. e4 d5 2.
exd5 Qxd5 3. Nc3 Qd6 4. d4 Nf6 5. Nf3 c6 6. g3 Bg4 7. Bg2 e6 8. h3 Bxf3 9. Bxf3 Be7 10. O-O Nbd7 11. a3 Nb6 12. Bf4 Qd7 13. Qd3 O-O 14. Rad1 Nbd5 15. Nxd5 cxd5 16. h4 b5 17. h5 h6 18. Kg2 a5 19. g4 Nh7 20. Be2 Rfc8 21. Be3 b4 22. axb4 axb4 23. Ra1 Qc7 24. Rxa8 Rxa8 25. f4 Rc8 26. Bd1 Nf6 27. g5 Ne4 28. gxh6 gxh6 29. Kh2 Qc4 30. f5 Bd6+ 31. Kh3 exf5 32. Rxf5 Kg7 33. Qxc4 dxc4 34. Bf3 Re8 35. Bf4 Bxf4 36. Rxf4 Ng5+ 37. Kg4 Ne6 38. Re4 Rd8 39. c3 bxc3 40. bxc3 Rd6 41.
Be2 Ng5 42.
Re7 Kf6 43.
Re8 Rc6 44. Rh8 Ke7 45. Kf5 Rf6+ 46. Kg4 Re6 47. Bxc4 Re3 48. Rxh6 f6 49. Rg6 Rxc3 50. Bb5 Rb3 51. Bc6 Rb4 52. Kf5 Rxd4 53. Rxf6 Nf7 54. Re6+ Kf8 55. h6 Nxh6+ 56. Rxh6 Ke7 57. Re6+ Kd8 58.
Ke5 Rd2 59. Rh6 Kc7 60. Be4 Re2 61. Rh7+ Kb6 62. Kd5 Rd2+ 63. Ke6 Kc5 64. Rc7+ Kd4 65. Bd5 Re2+ 66. Kd6 Rf2 67.
Rc4+ Kd3 68.
Ra4 Rd2 69. Ke5 Ke3 70. Be4 Rd8 71. Ra3+ Kd2 72. Bd5 Ke2 73. Ke4 Re8+ 74. Kd4 Kf2 75. Ra2+ Re2 76. Ra3 Rd2+ 77. Ke4 Re2+ 78. Kf4 Rd2 79.
Be4 Ke2 80.
Rh3 Kf2 81.
Bf5 Rd4+ 82.
Be4 Rd2 83.
Rh8 Ke2 84.
Rh2+ Ke1 85. Rh1+ Kf2 86. Ra1 Ke2 87. Bf3+ Kf2 88. Ra4 Rb2 89. Bg4 Rd2 90. Ke4 Rb2 91. Bf3 Rd2 92. Ra8 Rb2 93. Kf4 Rd2 94. Rg8 Rd4+ 95. Be4 Rd2 96. Rg2+ Ke1 97. Rg3 Kf2 98. Re3 Rd8 99. Rf3+ Ke2 100. Rh3 Rd2 101. Re3+ Kf2 102. Rc3 Ke2 103. Bf3+ Kf2 104. Rc1 Rd4+ 105. Be4 Rd2 106.
Rh1 Ke2 107. Rh3 Kf2 108. Bd3 Kg2 109. Rg3+ Kf2 110.
Rf3+ Kg2 111. Be4 Rf2 1/2-1/2

[Site "Europe Echecs"]

[Event "Championnat d'Europe de Blitz"]
[Date "2024.12.09"]
[White "Uruci, Besim"]
[Black "Laurusas, Tomas"]
[WhiteElo "2095"]
[BlackElo "2578"]
[Round "6.46"]
[Result "0-1"]
[TimeControl "180+2"]

1. Nf3 d5 2.
d4 c5 3. c3 Bf5 4. Bf4 e6 5. e3 Nc6 6. Nbd2 Qb6 7. Qb3 c4 8. Qa4 Qxb2 9. Qd1 Bc2 10. Qc1 Ba3 11. Qxb2 Bxb2 12. Rb1 Bxb1 13. Nxb1 b5 14. Be2 Nf6 15. Nfd2 a5 16. O-O b4 17. Bf3 Kd7 18. e4 bxc3 19. exd5 exd5 0-1

[Site "Europe Echecs"]

[Event "Championnat d'Europe de Blitz"]
[Date "2024.12.09"]
[White "Yuste Valenzuela, Alejandro"]
[Black "Stankovic, Milos"]
[WhiteElo "2150"]
[BlackElo "2462"]
[Round "6.47"]
[Result "0-1"]
[TimeControl "180+2"]

1. e4 e6 2. d4 d5 3. Nc3 Nf6 4. Bg5 dxe4 5. Nxe4 Be7 6. Bxf6 gxf6 7. g3 f5 8. Nc3 c6 9. Bg2 h5 10. h4 Nd7 11. Nf3 Qc7 12. Qe2 b6 13. O-O-O Bb7 14. Rhe1 O-O-O 15. Kb1 Kb8 16. Ne5 Nxe5 17. dxe5 Bb4 18. Qc4 Bc5 19. Qf4 Rxd1+ 20. Rxd1 Rd8 21. a3 Rxd1+ 22.
Nxd1 Qd8 23.
Nc3 Qd4 24.
Qxd4 Bxd4 25. f4 c5 26. Bxb7 Kxb7 27. Ne2 Bf2 28. Kc1 Kc6 29. c4 a6 30. Kc2 b5 31. Kd3 Be1 32.
b3 Kb6 33.
Kc2 Ka5 34.
Kd1 Bf2 35.
Kc2 bxc4 36. bxc4 Ka4 37. Kb2 Be1 38. Ka2 Ka5 39. Kb3 Kb6 40. Kc2 Kc6 41. Kd1 Bf2 42. Kc2 Kd7 43. Kb3 Ke7 44. Kc2 f6 45. exf6+ Kxf6 46. Kd3 e5 47. fxe5+ Kxe5 48. Nf4 Bxg3 49. Nxh5 Bxh4 50. Ke3 Bg5+ 51. Kd3 f4 52. Ng7 f3 53. Nh5 f2 54. Ng3 Bf4 55. Nf1 a5 56. a4 Bg5 57. Ng3 Bh4 58. Nf1 Kf4 59. Ne3 Kf3 60. Nf1 Bg3 61. Nd2 Kg2 62. Ke2 Be5 63. Nf1 Bf4 0-1

[Site "Europe Echecs"]

[Event "Championnat d'Europe de Blitz"]
[Date "2024.12.09"]
[White "Kilic, Eray"]
[Black "Sirigos, Nikolaos"]
[WhiteElo "2459"]
[BlackElo "2044"]
[Round "6.48"]
[Result "1-0"]
[TimeControl "180+2"]

1. e4 e5 2.
Nf3 d6 3. d4 exd4 4. Nxd4 Nf6 5. Nc3 Be7 6. Bf4 O-O 7. Qd2 Nc6 8. O-O-O Nxd4 9. Qxd4 Ng4 10. Nd5 Bg5 11. Bxg5 Qxg5+ 12. f4 Qd8 13. h3 Nf6 14. Nxf6+ Qxf6 15. Qxf6 gxf6 16. Bd3 Bd7 17. g4 Rfe8 18. Rhe1 Re7 19. Rd2 Rae8 20. Rde2 Bc6 21. c4 b6 22. Kd2 Kg7 23. Re3 h5 24. Rg1 hxg4 25. Rxg4+ Kf8 26. Reg3 Re6 27. Rg8+ Ke7 28. f5 Re5 29. Rxe8+ Kxe8 30. Rg8+ Ke7 31. Ke3 d5 32. cxd5 Bxd5 33. h4 b5 34. h5 Bc4 35. Bxc4 bxc4 36. h6 Rb5 37. h7 1-0

[Site "Europe Echecs"]

[Event "Championnat d'Europe de Blitz"]
[Date "2024.12.09"]
[White "Asllani, Muhamet"]
[Black "Plesec, Damjan"]
[WhiteElo "2112"]
[BlackElo "2206"]
[Round "6.49"]
[Result "1-0"]
[TimeControl "180+2"]

1. d4 d5 2.
Nf3 Nf6 3. c4 e6 4. Nc3 c6 5. Bg5 Be7 6. e3 Ne4 7. Bf4 Qa5 8. Qb3 Nxc3 9. bxc3 Qb6 10. Qc2 Nd7 11. Be2 h6 12. O-O Qd8 13. Rfd1 O-O 14. h3 Nf6 15. Ne5 Nd7 16. Nf3 Nf6 17. Rab1 b6 18. cxd5 cxd5 19. c4 dxc4 20. Bxc4 Bb7 21. Ne5 Nd7 22. Bb5 Nxe5 23. dxe5 Qc8 24.
Qe2 Bc5 25.
Qg4 Kh8 26.
Qh5 Be4 27.
Rbc1 Bg6 28.
Qh4 Rd8 29.
Kh2 Qc7 30.
Be2 Qe7 31.
Qg3 Rxd1 32.
Rxd1 Rd8 33. Rc1 Rd2 34. Bc4 Qd7 35. Qf3 Kh7 36. h4 h5 37. Bb3 Qd3 38. Bc4 Qd7 39. Qg3 Qb7 40. f3 Qd7 41. e4 Rd1 42. Bb5 Qd4 43. Be3 Qd8 44. Rc3 Bxe3 45. Rxe3 Qd4 46. Qf2 Rd2 47. Qe1 Rxa2 48. Rc3 Qb4 49. Be8 Rc2 50. Re3 Qxe1 51. Rxe1 Rc7 52. Rd1 Kg8 53. Rd8 Kh7 54.
Kg3 Re7 55. Kf4 Rc7 56. g4 hxg4 57. fxg4 Rc4 1-0

[Site "Europe Echecs"]

[Event "Championnat d'Europe de Blitz"]
[Date "2024.12.09"]
[White "Perunovic, Miodrag"]
[Black "Mihov, Filip"]
[WhiteElo "2357"]
[BlackElo "2245"]
[Round "6.50"]
[Result "1-0"]
[TimeControl "180+2"]

1. e4 e6 2.
d4 d5 3. Nc3 Bb4 4. e5 c5 5. a3 Bxc3+ 6. bxc3 Qa5 7. Bd2 Qa4 8. Qg4 Kf8 9. h4 b6 10. Rh3 Ne7 11. h5 h6 12. Rf3 Nbc6 13. Qf4 Nd8 14. dxc5 Qxf4 15. Rxf4 bxc5 16. Rb1 Nec6 17. Nf3 c4 18. a4 Ke7 19. Bc1 f6 20. Ba3+ Kf7 21. Bd6 Nb7 22. Bc7 Ke7 23. Rg4 Kf7 24. g3 Nc5 25. Bg2 Nxa4 26. Kd2 Nc5 27. Nd4 Nxe5 28. Bxe5 fxe5 29. Nc6 Kf6 30. Rg6+ Kf7 31. Nxe5+ Ke7 32. Rxg7+ Kd6 33. Nf7+ Ke7 34. Nxh8+ Kf6 35.
Rg6+ 1-0

[Site "Europe Echecs"]

[Event "Championnat d'Europe de Blitz"]
[Date "2024.12.09"]
[White "Veljanoski, Andrej"]
[Black "Pezelj, Sinisa"]
[WhiteElo "2304"]
[BlackElo "2201"]
[Round "6.51"]
[Result "1-0"]
[TimeControl "180+2"]

1. e4 d5 2.
exd5 Qxd5 3.
Nc3 Qa5 4.
Bc4 Nf6 5.
d3 c6 6. Qe2 Bf5 7. Nf3 e6 8. Bd2 Qc7 9. O-O-O Nbd7 10. Bb3 O-O-O 11.
Kb1 Bd6 12.
h3 h5 13.
Ne4 Bf4 14.
Bc3 Rhg8 15.
g3 Bd6 16.
Nxd6+ Qxd6 17. Ne5 Qe7 18. g4 Nxe5 19. gxf5 Ned7 20.
fxe6 fxe6 21. Qxe6 Qc5 22. d4 Qg5 23. Qe2 Rge8 24. Qf3 Ne4 25. a4 Ndf6 26. Rhg1 Qh6 27. Ba5 b6 28. Bc3 Kb7 29. a5 Nd5 30. Bxd5 cxd5 31. axb6 axb6 32. Qe3 Qxe3 33. fxe3 Nxc3+ 34. bxc3 Rxe3 35. Rxg7+ Ka6 36. Rd3 Re1+ 37. Kb2 Kb5 38. Rg5 Kc4 39. Rg6 Ra8 40. Rxb6 Ra4 41. Rb4+ Rxb4+ 42. cxb4 Kxb4 43. Rc3 Re4 44. Rc8 1-0

[Site "Europe Echecs"]